 Dungeon Crawl Stone Soup version 0.28-a0-925-gd5e1996cdb (webtiles) character file.

Game seed: 16288217959320035114

148 Anon1729 the Skirmisher (level 5, 0/47 HPs)
             Began as a Minotaur Monk on Nov 26, 2021.
             Slain by a gnoll (3 damage)
             ... on level 2 of the Dungeon.
             The game lasted 00:02:49 (2470 turns).

Anon1729 the Skirmisher (Minotaur Monk)             Turns: 2470, Time: 00:02:50

Health: 0/47       AC:  8    Str: 16    XL:     5   Next: 8%
Magic:  4/4        EV:  8    Int:  7    God:
Gold:   68         SH:  0    Dex: 13    Spells: 4/4 levels left

rFire   . . .      SeeInvis .   a - +0 falchion
rCold   . . .      Faith    .   (no shield)
rNeg    . . .      Spirit   .   l - +0 chain mail
rPois   .          Reflect  .   (helmet restricted)
rElec   .          Harm     .   (no cloak)
rCorr   .          Rampage  .   (no gloves)
Will    .....                   (no boots)
Stlth   ..........              (no amulet)
HPRegen 0.15/turn               (no ring)
MPRegen 0.09/turn               (no ring)

@: no status effects
A: horns 2, retaliatory headbutt
a: no special abilities


You were on level 2 of the Dungeon.
You visited 1 branch of the dungeon, and saw 3 of its levels.

You collected 68 gold pieces.

Inventory:

Hand Weapons
 a - a +0 falchion (weapon)
Armour
 b - a +0 robe
 l - a +0 chain mail (worn)
Scrolls
 c - a scroll of blinking {unknown}
 d - 3 scrolls of identify {unknown}
 f - a scroll of enchant armour {unknown}
 h - a scroll of brand weapon {unknown}
Potions
 e - 2 potions of curing {unknown}
 g - 2 potions of brilliance {unknown}
 i - a potion of flight {unknown}
 j - a potion of haste {unknown}
 k - a potion of degeneration {unknown}
 m - 3 potions of cancellation {unknown}


   Skills:
 + Level 4.7 Fighting
 + Level 4.6 Long Blades
 + Level 2.0 Armour
 + Level 4.3 Dodging
 - Level 2.0 Stealth


You had 4 spell levels left.
You didn't know any spells.
Your spell library contained the following spells:

 Spells                   Type           Power      Damage    Failure   Level
 Pain                     Necr           0%         1d4       100%        1
 Agony                    Necr           0%         N/A       100%        5
 Excruciating Wounds      Necr           0%         N/A       100%        5


Dungeon Overview and Level Annotations

Branches:
Dungeon (3/15)

Altars:


Innate Abilities, Weirdness & Mutations

You have a pair of horns on your head.
You reflexively headbutt those who attack you in melee.


Message History

You are too injured to fight recklessly!
You are too injured to fight recklessly!
You are too injured to fight recklessly!
You are too injured to fight recklessly!
You are too injured to fight recklessly!
You are too injured to fight recklessly!
You are too injured to fight recklessly!
You are too injured to fight recklessly!
You are too injured to fight recklessly!
You are too injured to fight recklessly!
You are too injured to fight recklessly!
You are too injured to fight recklessly!
You are too injured to fight recklessly!
You are too injured to fight recklessly!
You are too injured to fight recklessly!
You hit the gnoll but do no damage. The gnoll barely misses you. x2
You closely miss the gnoll. You headbutt the gnoll.
The gnoll is moderately wounded.
The gnoll hits you with a +0 club.
* * * LOW HITPOINT WARNING * * *
The gnoll hits you with a +0 club.
* * * LOW HITPOINT WARNING * * *
You hit the gnoll. You headbutt the gnoll.
You kill the gnoll!
The gnoll closely misses you.
You hit the gnoll but do no damage. The gnoll hits you but does no damage.
You hit the gnoll but do no damage.
The gnoll hits you but does no damage. x2
You barely miss the gnoll. The gnoll barely misses you.
You closely miss the gnoll.
You headbutt the gnoll, but do no damage.
The gnoll hits you with a +0 club.
* * * LOW HITPOINT WARNING * * *
You hit the gnoll. You headbutt the gnoll.
The gnoll is moderately wounded.
The gnoll hits you with a +0 club.
* * * LOW HITPOINT WARNING * * *
You hit the gnoll.
The gnoll is almost dead.
The gnoll hits you with a +0 club.
You die...

#.##....####.....#..
###.........##........
#...##................
#.#..#......###.......
###.#.........# #.......
#......#......# #.......
#........###### #.......
#....#############.#####
#.....)@g.......).......
#....####....#.#####.<..
#....# #...)#.# #.....
#....# #....#.## #.##..
#....# #.......# #.#...
#....# ######..###.####
###### #......##.####
#.####.#......
#...##........


You could see a gnoll.

Vanquished Creatures
  Terence (D:2)
  5 gnolls (D:2)
  3 adders (D:2)
  A worm (D:2)
  A dart slug (D:1)
  6 ball pythons
  3 endoplasms
  2 giant cockroaches
  6 goblins
  2 hobgoblins
  7 kobolds
  3 bats
  3 frilled lizards (D:1)
  4 rats
47 creatures vanquished.

Notes
Turn   | Place    | Note
-------+----------+-------------------------------------------
     0 | D:1      | Anon1729 the Minotaur Monk began the quest for the Orb.
     0 | D:1      | Reached XP level 1. HP: 19/19 MP: 0/0
   412 | D:1      | Reached XP level 2. HP: 24/27 MP: 1/1
  1132 | D:1      | Reached XP level 3. HP: 33/33 MP: 2/2
  1567 | D:2      | Reached skill level 1 in Armour
  1719 | D:2      | Reached XP level 4. HP: 41/41 MP: 3/3
  1925 | D:2      | Noticed Terence
  2094 | D:2      | Killed Terence
  2349 | D:2      | Reached XP level 5. HP: 31/47 MP: 4/4
  2469 | D:2      | HP: 2/47 [gnoll (6)]
  2470 | D:2      | Slain by a gnoll

Illustrated notes

Levels and vault maps discovered:
D:1:      minmay_arrival_four_loops, layout_basic
D:2:      layout_basic, st_stairs_5, uniq_terence
D:3:      layout_rooms, hellmonk_ecumenical_altar_blasted, uniq_grinder

Skill      XL: |  1  2  3  4 |
---------------+-------------+-----
Fighting       | 4 |  4.7
Stealth        | 2 |  2.0
Long Blades    | 4 |  4.6
Armour         | 1 2 |  2.0
Dodging        | 4 |  4.3

Action                   |  1- 3 |  4- 6 || total
-------------------------+-------+-------++-------
Melee: Falchion          |    74 |    48 ||   122
       Headbutt          |     8 |     8 ||    16
 Stab: Sleeping          |     2 |       ||     2
Armor: Robe              |    20 |     2 ||    22
       Chain mail        |       |    10 ||    10
Dodge: Dodged            |    54 |    32 ||    86

Table legend: (Time is in decaauts)
 A = Elapsed time spent in this place.
 B = Non-inter-level travel time spent in this place.
 C = Inter-level travel time spent in this place.
 D = Time resting spent in this place.
 E = Time spent auto-exploring this place.
 F = Levels seen in this place.
 G = Mean time per level.
                   A        B        C        D        E       F      G
               +--------+--------+--------+--------+--------+-----+--------+
         Total |   2481 |   2432 |     49 |    104 |   1838 |   3 |  827.0 |
       Dungeon |   2481 |   2432 |     49 |    104 |   1838 |   3 |  827.0 |
               +--------+--------+--------+--------+--------+-----+--------+

Top non-repeatable levels by time:
     D:1: 1321 daAuts
     D:2: 1150 daAuts
     D:3: 9 daAuts
